 Dungeon Crawl Stone Soup version 0.17-a0-791-g233d389 (webtiles) character file.

101 Mastropiero the Conjurer (level 4, -5/35 HPs)
             Began as a Draconian Conjurer on May 25, 2015.
             Was an Initiate of Ashenzari.
             Killed by divine providence
             ... invoked by an orc priest
              (11 damage)
             ... on level 4 of the Dungeon.
             The game lasted 00:10:10 (3397 turns).

Mastropiero the Conjurer (Draconian Conjurer)       Turns: 3397, Time: 00:10:11

Health: -5/35      AC:  5    Str: 16      XL:     4   Next: 48%
Magic:  1/7        EV: 12    Int: 14 (17) God:    Ashenzari [......]
Gold:   84         SH:  0    Dex: 11      Spells: 3 memorised, 1 level left

rFire  + . .     SeeInvis .     q - +0 quarterstaff
rCold  + . .     Clarity  .     (armour unavailable)
rNeg   . . .     SustAb   .     (no shield)
rPois  +         Gourm    .     (helmet restricted)
rElec  +         Spirit   .     (no cloak)
rCorr  +         Warding  .     (no gloves)
rMut   .         Stasis   .     (no boots)
MR     .....                    (no amulet)
Stlth  ++........               (no ring)
                                d - +6 ring of strength

@: resistant, not resistant to hostile enchantments, unstealthy
A: unfitting armour, cold-blooded, AC +5
a: Renounce Religion


You were on level 4 of the Dungeon.
You worshipped Ashenzari.
Ashenzari was noncommittal.
You were very hungry.

You visited 2 branches of the dungeon, and saw 5 of its levels.

You collected 84 gold pieces.

Inventory:

Hand weapons
 h - a +0 whip
 l - a +0 flail
 q - a +0 quarterstaff (weapon)
Armour
 b - a +3 buckler
 k - the +1 buckler of Pahut {rPois MR+++ rCorr Dex-3}
   (You found it on level 4 of the Dungeon)

   It affects your dexterity (-3).
   It protects you from poison.
   It affects your resistance to hostile enchantments.
   It protects you from acid and corrosion.
Jewellery
 d - a +6 ring of strength (left hand)
 n - an uncursed ring of protection from fire
Scrolls
 e - 2 scrolls of identify
Potions
 c - a potion of degeneration
 f - a potion of haste {unknown}
 g - a potion of brilliance {unknown}
 i - a potion of resistance
 m - a potion of poison {unknown}
 o - 2 potions of restore abilities {unknown}
 s - a potion of cancellation {unknown}
Books
 a - a book of Conjurations

   Spells                             Type                      Level
   a - Magic Dart                     Conjuration                  1
   b - Searing Ray                    Conjuration                  2
   c - Dazzling Spray                 Conjuration/Hexes            3
   d - Fulminant Prism                Conjuration/Hexes            4
   e - Iskenderun's Mystic Blast      Conjuration                  4
   f - Iskenderun's Battlesphere      Conjuration/Charms           5
 j - a Fen Folio

   Spells                             Type                      Level
   a - Corpse Rot                     Necromancy                   2
   b - Stone Arrow                    Conjuration/Earth            3
   c - Leda's Liquefaction            Hexes/Earth                  4
   d - Summon Forest                  Summoning/Translocation      5
   e - Hydra Form                     Transmutation                6
   f - Summon Hydra                   Summoning                    7
Comestibles
 r - 2 fruits
 t - a meat ration
 v - a slice of pizza


   Skills:
 - Level 1.3 Fighting
 - Level 1.7 Dodging
 - Level 1.7 Stealth
 + Level 2.5 Spellcasting
 * Level 5.4 Conjurations


You had one spell level left.
You knew the following spells:

 Your Spells              Type           Power        Failure   Level  Hunger
a - Magic Dart            Conj           ###.         2%          1    #......
b - Searing Ray           Conj           ###...       3%          2    ###....
c - Iskenderun's Mystic   Conj           ###.....     24%         4    #####..


Dungeon Overview and Level Annotations

Branches:
Dungeon (4/15)             Temple (1/1) D:4

Altars:
Ashenzari
Cheibriados
Dithmenos
Elyvilon
Fedhas
Gozag
Kikubaaqudgha
Makhleb
Nemelex Xobeh
Okawaru
Qazlal
Ru
Sif Muna
Trog
Vehumet
Xom
Yredelemnul
Zin


Innate Abilities, Weirdness & Mutations

Your plain brown scales are hard (AC +5).
Your body does not fit into most forms of armour.
You are cold-blooded and may be slowed by cold attacks.


Message History

The jackal barely misses you. The orc hits you with a vampiric whip.
* * * LOW HITPOINT WARNING * * *
The orc priest calls upon Beogh to heal the orc.
The orc's wounds heal themselves!
The jackal bites you.
* * * LOW HITPOINT WARNING * * *
An orc opens the door.
The jackal bites you but does no damage.
There is an open door here.
Unknown command.
Unknown command.
Drink which item? (? for menu, Esc to quit)
It was a potion of degeneration.
There was something very wrong with that liquid.
You feel dopey. The jackal bites you.
* * * LOW HITPOINT WARNING * * *
The orc priest mumbles some strange prayers to Beogh against you.
Something smites you!
You die...

#######'#.......##+##.##....
#.......#.......#............
#.......####'####............
#........'...................
#........#...................
#........#...................
#............................
#............................
##+..P..⌠.##<##.@####.##...#
##..P≈.......###h####.##+##
#...P≈.........ooh......
#..^.P..#......g........
#......+##...o...........
#..#..## ##.....o.......
####...###..'###'####+##
#....#..#.##..###
####............#


You could see 2 orc priests, 2 orcs, 2 jackals and a goblin.

Vanquished Creatures
  3 adders
  A giant gecko (D:1)
  9 orcs
  A ball python (D:2)
  4 giant cockroaches
  6 goblins
  5 hobgoblins
  8 jackals
  A quokka (D:2)
  5 bats
  4 giant newts
  6 kobolds
  12 rats
65 creatures vanquished.

Notes
Turn   | Place    | Note
--------------------------------------------------------------
     0 | D:1      | Mastropiero, the Draconian Conjurer, began the quest for the Orb.
     0 | D:1      | Reached XP level 1. HP: 14/14 MP: 3/3
   612 | D:1      | Reached XP level 2. HP: 17/20 MP: 5/5
  1269 | D:2      | Learned a level 2 spell: Searing Ray
  1363 | D:2      | Reached XP level 3. HP: 23/26 MP: 6/6
  1526 | D:2      | Reached skill level 5 in Conjurations
  2425 | D:3      | Reached XP level 4. HP: 34/34 MP: 7/7
  2766 | D:3      | Reached skill level 1 in Fighting
  3038 | D:4      | Found a staircase to the Ecumenical Temple.
  3044 | Temple   | Entered the Ecumenical Temple
  3098 | Temple   | Became a worshipper of Ashenzari the Shackled
  3185 | Temple   | Learned a level 4 spell: Iskenderun's Mystic Blast
  3240 | D:4      | Got the uncursed buckler of Pahut {rPois MR+++ rCorr Dex-3}
  3290 | D:4      | Found a blossoming altar of Fedhas.
  3397 | D:4      | Killed from afar by an orc priest

Action                   |  1- 3 |  4- 6 || total
-------------------------+-------+-------++-------
Melee: Whip              |   122 |    20 ||   142
       Mace              |     8 |       ||     8
       Quarterstaff      |       |    46 ||    46
 Cast: Magic Dart        |    14 |       ||    14
       Searing Ray       |     1 |     2 ||     3
       Iskenderun's Myst |       |     1 ||     1
  Use: Scroll            |     2 |     6 ||     8
       Potion            |       |     2 ||     2
 Stab: Sleeping          |     5 |     1 ||     6
  Eat: Bread ration      |     1 |       ||     1
       Chunk             |       |     3 ||     3
